 Dungeon Crawl Stone Soup version 0.31.0-32-g396128a36d (webtiles) character file.

Game seed: 5338560680263307620

1125 hawla the Firebug (level 8, 0/41 HPs)
             Began as a Deep Elf Fire Elementalist on Apr 12, 2024.
             Was a Believer of Vehumet.
             Slain by an elf zombie (6 damage)
             ... in an ossuary.
             The game lasted 00:11:47 (4711 turns).

hawla the Firebug (Deep Elf Fire Elementalist)      Turns: 4711, Time: 00:11:47

Health: 0/41       AC:  2    Str:  3 (5)  XL:     8   Next: 13%
Magic:  4/16       EV: 12    Int: 28 (29) God:    Vehumet [**....]
Gold:   219        SH:  0    Dex: 12 (15) Spells: 4/15 levels left

rFire   . . .        u - +1 dagger (drain)
rCold   . . .        (no shield)
rNeg    + . .        a - +0 robe
rPois   .            (no helmet)
rElec   .            (no cloak)
rCorr   .            (no gloves)
SInv    .            (no boots)
Will    .....        (no amulet)
Stlth   ++           f - +6 ring of intelligence
HPRegen 0.26/turn    n - ring of positive energy
MPRegen 0.15/turn

%: no passive effects
@: mighty, brilliant, about to teleport, attractive
A: no striking features
a: Renounce Religion


You were in an ossuary.
You worshipped Vehumet.
Vehumet was pleased with you.
You visited 1 branch of the dungeon, and saw 5 of its levels.
You also visited: Ossuary.

You collected 219 gold pieces.

Inventory:

Hand Weapons
 u - a +1 dagger of draining (weapon)
Armour
 a - a +0 robe (worn)
Jewellery
 f - a +6 ring of intelligence (left hand)
 n - a ring of positive energy (right hand)
Wands
 m - a wand of polymorph (10)
Scrolls
 d - 2 scrolls of enchant weapon
 h - 2 scrolls of fear
 l - a scroll of revelation
 o - a scroll of vulnerability
 t - 2 scrolls of poison
Potions
 c - 4 potions of lignification
 i - 2 potions of enlightenment
 k - a potion of degeneration
 q - a potion of haste {unknown}
 s - 2 potions of attraction


   Skills:
 + Level 4.2 Short Blades
 - Level 2.4 Dodging
 - Level 2.4 Stealth
 - Level 4.3 Spellcasting
 - Level 5.0 Conjurations
 - Level 6.4 Fire Magic
 - Level 4.1 Earth Magic
 + Level 1.5 Evocations


You had 4 spell levels left.
You knew the following spells:

 Your Spells              Type           Power      Damage    Failure   Level
a - Foxfire               Conj/Fire      100%       2x1d9     1%          1
b - Scorch                Fire           100%       2d9       1%          2
c - Flame Wave            Conj/Fire      55%        2d13      7%          4
d - Brom's Barrelling Bo  Conj/Erth      47%        2d6       11%         4

Your spell library contained the following spells:

 Spells                   Type           Power      Damage    Failure   Level
 Static Discharge         Conj/Air       60%        3-6/arc   3%          2
 Sandblast                Erth           86%        2d18      1%          1
 Stone Arrow              Conj/Erth      94%        3d12      3%          3
 Passwall                 Erth           43%        N/A       4%          3
 Inner Flame              Hex/Fire       36%        N/A       6%          3
 Volatile Blastmotes      Fire/Tloc      72%        2d16      6%          3
 Ensorcelled Hibernation  Hex/Ice        18%        N/A       11%         2
 Swiftness                Air            9%         N/A       22%         3


Dungeon Overview and Level Annotations

Branches:
Dungeon (5/15)             Temple (0/1) D:4         Ossuary (1/1)

Altars:
Trog
Vehumet
Zin


Message History

The human zombie hits you but does no damage. x2
The centaur zombie barely misses you.
The centaur zombie completely misses you.
You puncture the centaur zombie!
The centaur zombie is almost destroyed.
The human zombie hits you.
* * * LOW HITPOINT WARNING * * *
The human zombie hits you but does no damage.
The centaur zombie hits you but does no damage.
The centaur zombie kicks you but does no damage.
You puncture the centaur zombie!
You destroy the centaur zombie!
Vehumet accepts your kill.
Unknown command.
You puncture the elf zombie!
The elf zombie is almost destroyed.
The human zombie hits you but does no damage.
The human zombie barely misses you.
Unknown command.
You hit the elf zombie.
The elf zombie is almost destroyed.
The elf zombie hits you but does no damage.
The human zombie hits you but does no damage. x2
Unknown command.
You puncture the elf zombie!
You destroy the elf zombie!
Vehumet accepts your kill.
You feel less wooden.
Your +0 robe unmelds from your body.
Your Short Blades skill increases to level 4!
Your Evocations skill increases to level 1!
As you read the scroll of teleportation, it crumbles to dust.
You feel strangely unstable. The human zombie misses you.
The human zombie completely misses you. The elf zombie hits you.
* * * LOW HITPOINT WARNING * * *
Okay, then.
It was a potion of attraction.
You feel attractive to monsters.
The human zombie closely misses you. x2; The elf zombie hits you.
You die...

#####################
....................#
.......Z............#
......ZZ8..8........#
.......@Z...........#
...######..######...#
#^.# #...# #^.# #...#
#^^# #...# .... #...#
##.... #...# #....
#...# #...#


You could see 2 elf zombies and 2 human zombies.

Vanquished Creatures
  Eustachio (D:4)
  A phantom (D:4)
  An elf zombie (Ossuary)
  2 scorpions (D:4)
  A bombardier beetle (D:4)
  4 centaur zombies (Ossuary)
  4 orc priests (D:3)
  A hound (D:5)
  2 jellies (D:5)
  4 hound zombies (Ossuary)
  2 mummies (Ossuary)
  A gnoll (D:1)
  8 adders
  A shadow imp (D:5)
  A white imp (D:4)
  6 adder zombies (Ossuary)
  6 dart slugs
  5 ribbon worms
  12 orcs
  5 endoplasms
  A giant cockroach (D:1)
  7 hobgoblins
  9 jackals
  7 kobolds
  5 quokkas
  4 ball pythons
  9 bats
  3 frilled lizards
  6 gnoll zombies (Ossuary)
  7 goblins
  4 jackal zombies (Ossuary)
  A kobold zombie (Ossuary)
  6 orc zombies (Ossuary)
  4 rats
141 creatures vanquished.

Vanquished Creatures (collateral kills)
  9 foxfires (D:3)
9 creatures vanquished.

Vanquished Creatures (others)
  A boulder (D:4)
  211 foxfires
212 creatures vanquished.

Grand Total: 362 creatures vanquished

Notes
Turn   | Place    | Note
-------+----------+-------------------------------------------
     0 | D:1      | hawla the Deep Elf Fire Elementalist began the quest for
                  | the Orb.
     0 | D:1      | Reached XP level 1. HP: 10/10 MP: 6/6
   272 | D:1      | Reached skill level 4 in Fire Magic
   272 | D:1      | Reached XP level 2. HP: 15/15 MP: 5/8
   712 | D:1      | Learned a level 2 spell: Scorch
   878 | D:1      | Reached XP level 3. HP: 6/19 MP: 3/9
  1284 | D:2      | Reached skill level 5 in Fire Magic
  1397 | D:2      | Reached XP level 4. HP: 16/24 MP: 0/10
  1402 | D:2      | Learned a level 4 spell: Flame Wave
  2240 | D:3      | Reached skill level 6 in Fire Magic
  2242 | D:3      | Reached XP level 5. HP: 28/28 MP: 7/12
  2475 | D:3      | Found a faded altar of an unknown god.
  2749 | D:3      | Found a bloodstained altar of Trog.
  2898 | D:3      | Reached XP level 6. HP: 8/32 MP: 2/14
  2903 | D:3      | Learned a level 4 spell: Brom's Barrelling Boulder
  3021 | D:3      | Found a radiant altar of Vehumet.
  3050 | D:3      | Became a worshipper of Vehumet
  3381 | D:4      | Reached skill level 1 in Short Blades
  3381 | D:4      | Reached skill level 1 in Earth Magic
  3849 | D:4      | Found a glowing silver altar of Zin.
  3871 | D:4      | Reached XP level 7. HP: 36/36 MP: 9/15
  3926 | D:4      | Found a staircase to the Ecumenical Temple.
  3948 | D:4      | Noticed Eustachio
  3956 | D:4      | Killed Eustachio
  4362 | D:5      | Entered Level 5 of the Dungeon
  4364 | D:5      | Reached * piety under Vehumet
  4364 | D:5      | Offered knowledge of Shock by Vehumet.
  4454 | D:5      | Found a sand-covered staircase.
  4468 | Ossuary  | Entered an ossuary
  4679 | Ossuary  | Reached skill level 5 in Conjurations
  4679 | Ossuary  | Reached XP level 8. HP: 22/41 MP: 3/16
  4690 | Ossuary  | Offered knowledge of Static Discharge by Vehumet.
  4697 | Ossuary  | Reached ** piety under Vehumet
  4710 | Ossuary  | Reached skill level 1 in Evocations
  4711 | Ossuary  | Slain by an elf zombie

Illustrated notes

Levels and vault maps discovered:
D:1:      elethiomel_arrival_infinity_welcomes_careful_drivers,
          layout_loops_corners, nrook_campfire
D:2:      layout_loops_ring
D:3:      layout_basic, mainiacjoe_overflow_cross_hatched, vehumet_crystals,
          ebering_ecumenical_altar_petrified, hex_tiny
D:4:      layout_rooms, zin_statuary, minmay_temple_entry_tees, uniq_eustachio
D:5:      layout_loops_ring, kiku_gazebo_garden_becter, enter_ossuary_5,
          minmay_misc_feat_doors
Ossuary:  ossuary_tomb_1

Skill      XL: |  1  2  3  4  5  6  7  8 |
---------------+-------------------------+-----
Fire Magic     | 4 5 6 |  6.4
Conjurations   | 2 3 5 |  5.0
Spellcasting   | 4 |  4.3
Short Blades   | 2 3 4 |  4.2
Earth Magic    | 2 4 |  4.1
Evocations     | 1 |  1.5
Dodging        | |  2.4
Stealth        | |  2.4

Action                     |  1- 3 |  4- 6 |  7- 9 || total
---------------------------+-------+-------+-------++-------
  Melee: Unarmed           |     7 |     4 |       ||    11
         Dagger            |       |     8 |    95 ||   103
         Punch             |       |       |     2 ||     2
   Cast: Foxfire           |    43 |    72 |    15 ||   130
         Scorch            |     9 |    26 |    15 ||    50
         Flame Wave        |       |     1 |     7 ||     8
         Brom's Barrelling |       |     4 |       ||     4
    Use: Scroll            |     3 |     5 |     3 ||    11
         Potion            |     1 |       |     8 ||     9
 Armour: Robe              |    19 |    20 |    45 ||    84
         Skin              |       |       |   130 ||   130
  Dodge: Dodged            |    23 |    13 |    64 ||   100
